 Dungeon Crawl Stone Soup version 0.31.0-9-g3a7656b989 (webtiles) character file.

Game seed: 7848168451284816229

93 qw the Shooter (level 4, -1/22 HPs)
             Began as a Spriggan Hunter on Feb 3, 2024.
             Slain by an orc priest
             ... wielding a +0 flail
              (6 damage)
             ... on level 3 of the Dungeon.
             The game lasted 00:00:08 (2018 turns).

qw the Shooter (Spriggan Hunter)                    Turns: 2018, Time: 00:00:09

Health: -1/22      AC:  2    Str:  7    XL:     4   Next: 37%
Magic:  5/5        EV: 20    Int: 10    God:
Gold:   159        SH:  0    Dex: 20    Spells: 3/3 levels left

rFire   . . .        a - +2 shortbow
rCold   . . .        (shield currently unavailable)
rNeg    . . .        c - +0 robe
rPois   .            (helmet restricted)
rElec   .            (no cloak)
rCorr   +            (gloves unavailable)
SInv    +            (boots unavailable)
Will    .....        (no amulet)
Stlth   ++           b - ring of resist corrosion
HPRegen 0.23/turn    (no ring)
MPRegen 0.09/turn

%: no passive effects
@: very quick
A: very small, no large weapons, unfitting armour, see invisible, speed 3
a: no special abilities


You were on level 3 of the Dungeon.
You visited 1 branch of the dungeon, and saw 3 of its levels.

You collected 159 gold pieces.


Innate Abilities, Weirdness & Mutations

You are very small and have problems with some larger weapons.
You are too small for most types of armour.
You have supernaturally acute eyesight. (SInv)
You cover ground extremely quickly. (Speed+++)


   Skills:
 - Level 1.5 Fighting
 - Level 5.0 Ranged Weapons
 + Level 4.8 Dodging
 - Level 1.5 Stealth


You had 3 spell levels left.
You didn't know any spells.
Your spell library was empty.

Inventory:

Hand Weapons
 a - a +2 shortbow (weapon)
Armour
 c - a +0 robe (worn)
Jewellery
 b - a ring of resist corrosion (left hand)
Potions
 d - a potion of enlightenment
 e - a potion of heal wounds {unknown}
 f - a potion of might {unknown}
 i - a potion of curing

Dungeon Overview and Level Annotations

Branches:
Dungeon (3/15)

Altars:

Shops:
D:1 :


Message History

The orc is almost dead.
The orc closely misses you. The orc barely misses you.
You shoot an arrow. The arrow hits the orc!
You kill the orc!
You shoot an arrow. The arrow closely misses the orc.
The orc barely misses you. The orc misses you.
The orc priest looks braver for a moment.
The orc barely misses you. The orc misses you.
You shoot an arrow. The arrow hits the orc.
The orc is heavily wounded.
The orc barely misses you. The orc hits you with a +0 dagger.
You shoot an arrow. The arrow hits the orc.
You kill the orc!
You shoot an arrow. The arrow closely misses the orc.
The orc misses you. x2
You shoot an arrow. The arrow hits the orc!
You kill the orc!
The orc misses you.
You shoot an arrow. The arrow hits the orc.
The orc is severely wounded.
The orc barely misses you.
You shoot an arrow. The arrow closely misses the orc.
The orc barely misses you. The orc priest completely misses you.
The orc hits you but does no damage.
The orc priest hits you with a +0 flail.
You shoot an arrow. The arrow hits the orc.
You kill the orc!
The orc priest closely misses you.
You shoot an arrow. The arrow hits the orc priest.
The orc priest is heavily wounded.
The rat completely misses you.
The orc priest calls down the wrath of Beogh upon you.
Beogh smites you!
You shoot an arrow. The arrow barely misses the orc priest.
The rat bites you. The orc priest misses you.
You shoot an arrow. The arrow hits the orc priest.
The orc priest is heavily wounded.
The rat closely misses you.
The orc priest hits you with a +0 flail.
You die...

.......#......#.#######....#####
.......#####+##................#
.......#####.####...........##.#
...%...........##..........###.#
.......#####.#.##..............#
############.#.##..........##..#
.............#.####.....)..##..##
##############.##############)...
.# #..@o### #.......##
.########## ####r..####.......#
..........#....................#
..........#...o.....>....[....(+
..........#..ooo...............#
..........#...r..........#######
..........#..?...........#
..........############..###
..........# ##...#####


You could see an orc priest and a rat.

Vanquished Creatures
  3 adders (D:2)
  A dart slug (D:1)
  4 orcs (D:3)
  3 endoplasms
  9 giant cockroaches
  3 hobgoblins
  3 quokkas
  5 ball pythons
  4 bats
  3 frilled lizards
  8 goblins
  6 kobolds
  6 rats
58 creatures vanquished.

Notes
Turn   | Place    | Note
-------+----------+-------------------------------------------
     0 | D:1      | qw the Spriggan Hunter began the quest for the Orb.
     0 | D:1      | Reached XP level 1. HP: 10/10 MP: 2/2
     0 | D:1      | 0 ||| qw: Version: 0.3-a-155-g5e7d8dd
     0 | D:1      | 0 ||| qw: Game counter: 3046
     0 | D:1      | 0 ||| qw: Melee chars always use a shield: true
     0 | D:1      | 0 ||| qw: God list: Okawaru
     0 | D:1      | 0 ||| qw: Allow faded altars: false
     0 | D:1      | 0 ||| qw: Do Orc after clearing Dungeon:15 true
     0 | D:1      | 0 ||| qw: Do second Lair branch before Depths: true
     0 | D:1      | 0 ||| qw: Lair rune preference: random
     0 | D:1      | 0 ||| qw: Goals: Normal
     0 | D:1      | 0 ||| PLANNING D:1-11
    26 | D:1      | Reached skill level 3 in Dodging
    46 | D:1      | Found Lalob's Book Shoppe.
   229 | D:1      | Reached XP level 2. HP: 14/14 MP: 3/3
   836 | D:1      | 836 ||| DROPPING ring of wizardry.
   837 | D:1      | 837 ||| READING scroll labelled KUP OMPIKHYLL.
   837 | D:1      | 837 ||| IDENTIFYING smoky inky potion
   838 | D:1      | 838 ||| READING 2 scrolls labelled WAMUIM MAPUT.
   838 | D:1      | 838 ||| ENCHANTING +0 shortbow.
   839 | D:1      | 839 ||| READING scroll of enchant weapon.
   839 | D:1      | 839 ||| ENCHANTING +1 shortbow.
   840 | D:1      | 840 ||| READING scroll labelled MOCOYS PEIQU.
   841 | D:1      | 841 ||| DROPPING scroll of butterflies.
   897 | D:2      | Reached XP level 3. HP: 18/18 MP: 4/4
   910 | D:2      | Found a faded altar of an unknown god.
   963 | D:2      | Reached skill level 5 in Ranged Weapons
  1354 | D:2      | Reached XP level 4. HP: 22/22 MP: 5/5
  1623 | D:2      | 1623 ||| UPGRADING to ring of resist corrosion.
  1624 | D:2      | 1624 ||| READING 3 scrolls of identify.
  1624 | D:2      | 1624 ||| IDENTIFYING clear potion
  1625 | D:2      | 1625 ||| READING 2 scrolls of identify.
  1625 | D:2      | 1625 ||| IDENTIFYING golden potion
  1626 | D:2      | 1626 ||| READING scroll of identify.
  1626 | D:2      | 1626 ||| IDENTIFYING white potion
  1627 | D:2      | 1627 ||| READING scroll labelled JIUSYBB RAIM.
  1728 | D:2      | 1728 ||| DRINKING 2 bubbling emerald potions.
  1729 | D:2      | 1729 ||| DROPPING potion of ambrosia.
  1730 | D:2      | 1730 ||| DROPPING potion of brilliance.
  1731 | D:2      | 1731 ||| DROPPING potion of attraction.
  1999 | D:3      | 1999 ||| RETREEEEATING.
  2001 | D:3      | 2001 ||| RETREEEEATING.
  2017 | D:3      | HP: 5/22 [rat (2)]
  2018 | D:3      | Slain by an orc priest

Levels and vault maps discovered:
D:1:      beargit_arrival_diablo_church, layout_basic, serial_shops,
          nicolae_shop_tiny_glass
D:2:      minmay_inner_zag, layout_basic,
          shapermc_ecumenical_altar_starsandcircs, st_stairs_4,
          grunt_ministairs_14
D:3:      layout_basic, serial_shops, shop, minmay_misc_feat_doors,
          minmay_crystal_room, nicolae_grassy_gnolls

Skill      XL: |  1  2  3 |
---------------+----------+-----
Dodging        | 3 4 |  4.8
Ranged Weapons | 5 |  5.0
Fighting       | |  1.5
Stealth        | |  1.5

Action                     |  1- 3 |  4- 6 || total
---------------------------+-------+-------++-------
   Fire: Shortbow          |    81 |    41 ||   122
    Use: Scroll            |     4 |     4 ||     8
         Potion            |       |     1 ||     1
 Armour: Robe              |     3 |     6 ||     9
  Dodge: Dodged            |    25 |    20 ||    45

Table legend:
 A = Non-vault XP
 B = Vault XP
 C = Vault XP percentage of total XP
 D = Non-vault monster count
 E = Vault monster count
 F = Vault count percentage of total count
                 A         B        C        D         E       F
            +---------+---------+-------+---------+---------+-------
      Total |     106 |      28 |  20.9 |      49 |       9 |  15.5
            +---------+---------+-------+---------+---------+-------
        D:1 |      40 |       0 |   0.0 |      26 |       0 |   0.0
        D:2 |      41 |      28 |  40.6 |      12 |       9 |  42.9
        D:3 |      25 |       0 |   0.0 |      11 |       0 |   0.0
            +---------+---------+-------+---------+---------+-------
